 Dungeon Crawl Stone Soup version 0.28-a0-101-g18048e5a82 (webtiles) character file.

Game seed: 8115822628288993539

67 pokeman the Magician (level 3, -2/20 HPs)
             Began as a Deep Elf Hedge Wizard on Aug 10, 2021.
             Slain by a gnoll (6 damage)
             ... on level 2 of the Dungeon.
             The game lasted 00:03:51 (2402 turns).

pokeman the Magician (Deep Elf Hedge Wizard)        Turns: 2402, Time: 00:03:52

Health: -2/20      AC:  2    Str:  7    XL:     3   Next: 98%
Magic:  0/11       EV: 12    Int: 19    God:
Gold:   77         SH:  0    Dex: 14    Spells: 1/12 levels left

rFire   . . .      SeeInvis .   a - +1 short sword (venom)
rCold   . . .      Faith    .   (no shield)
rNeg    . . .      Spirit   .   b - +0 robe
rPois   .          Reflect  .   c - +0 hat
rElec   .          Harm     .   (no cloak)
rCorr   .          Rampage  .   (no gloves)
Will    .....                   (no boots)
Stlth   ++........              (no amulet)
HPRegen 0.06/turn               (no ring)
MPRegen 0.12/turn               (no ring)

@: no status effects
A: no striking features
a: no special abilities


You were on level 2 of the Dungeon.
You visited 1 branch of the dungeon, and saw 2 of its levels.

You collected 77 gold pieces.

Inventory:

Hand Weapons
 a - a +1 short sword of venom (weapon)
Armour
 b - a +0 robe (worn)
 c - a +0 hat (worn)
Scrolls
 d - 5 scrolls of identify {unknown}
 e - a scroll of amnesia {unknown}
Potions
 f - a potion of heal wounds {unknown}
 g - a potion of curing {unknown}
 h - a potion of attraction {unknown}


   Skills:
 - Level 1.0 Fighting
 - Level 1.0 Armour
 + Level 2.6 Dodging
 - Level 2.4 Stealth
 * Level 5.4 Spellcasting
 + Level 2.1 Conjurations
 - Level 1.1 Summonings
 - Level 1.1 Translocations
 + Level 0.3 Fire Magic


You had one spell level left.
You knew the following spells:

 Your Spells              Type           Power      Damage    Failure   Level
a - Magic Dart            Conj           52%        1d5       4%          1
b - Mephitic Cloud        Conj/Pois/Air  7%         N/A       26%         3
c - Call Imp              Summ           9%         N/A       12%         2
d - Blink                 Tloc           N/A        N/A       12%         2
e - Conjure Flame         Conj/Fire      9%         6-21      22%         3

Your spell library contained the following spells:

 Spells                   Type           Power      Damage    Failure   Level
 Slow                     Hex            5%         N/A       19%         2
 Confusing Touch          Hex            5%         N/A       34%         3
 Vampiric Draining        Necr           2%         2d6       34%         3


Dungeon Overview and Level Annotations

Branches:
Dungeon (2/15)

Altars:


Message History

Your crimson imp blinks!
The gnoll is engulfed in noxious fumes.
The gnoll appears confused.
The gnoll hits the gnoll with a +0 club!
Unknown command.
You hit the gnoll but do no damage.
The gnoll is lightly wounded.
The gnoll barely misses your crimson imp.
The gnoll is engulfed in noxious fumes.
Unknown command.
Your crimson imp hits the gnoll but does no damage.
The gnoll barely misses your crimson imp.
The gnoll hits the gnoll with a +0 club.
Unknown command.
You hit the gnoll.
The gnoll is moderately wounded.
Your crimson imp blinks!
The gnoll barely misses you.
Unknown command.
You hit the gnoll but do no damage.
The gnoll is poisoned.
The gnoll is moderately wounded.
Your crimson imp misses the gnoll.
The gnoll barely misses the gnoll.
Your crimson imp blinks!
The gnoll barely misses the gnoll.
You hit the gnoll.
The gnoll is heavily wounded.
Your crimson imp disappears in a puff of smoke!
The gnoll hits you but does no damage.
The gnoll hits the gnoll with a +0 flail!
The gnoll is killed!
Unknown command.
Casting: Mephitic Cloud (extremely dangerous; 26% risk of failure)
Confirm with . or Enter, or press ? or * to list all spells.
A beastly little devil appears in a puff of flame.
The gnoll hits you with a +0 club!
* * * LOW HITPOINT WARNING * * *
Your crimson imp hits the gnoll.
You barely miss the gnoll.
The gnoll is severely wounded.
The gnoll hits you with a +0 club.
You die...

####.# #..# #†#
.....# ##.## #†#
.....# #..####.#
.....# #.......#
####.# #.......#
####.# #......g#
.....# #.....).#
†#########.....5g#
........##......@#
........##.......#
........######...#
...[....#######..#
.............†...#
................>#
................##
######..........#
#..........#


You could see 2 gnolls and a friendly crimson imp (summoned).

Vanquished Creatures
  A gnoll (D:2)
  2 worms (D:2)
  A dart slug (D:2)
  6 endoplasms (D:1)
  4 giant cockroaches
  3 goblins (D:1)
  3 hobgoblins (D:1)
  7 jackals
  5 kobolds (D:1)
  2 quokkas
  3 ball pythons
  4 bats
  A frilled lizard (D:2)
  3 rats (D:1)
45 creatures vanquished.

Notes
Turn   | Place    | Note
-------+----------+-------------------------------------------
     0 | D:1      | pokeman the Deep Elf Hedge Wizard began the quest for the
                  | Orb.
     0 | D:1      | Reached XP level 1. HP: 10/10 MP: 7/7
   459 | D:1      | Reached XP level 2. HP: 15/15 MP: 7/9
   816 | D:1      | Reached skill level 5 in Spellcasting
  1009 | D:1      | Reached XP level 3. HP: 20/20 MP: 5/11
  1013 | D:1      | Learned a level 3 spell: Mephitic Cloud
  1016 | D:1      | Learned a level 2 spell: Call Imp
  1019 | D:1      | Learned a level 2 spell: Blink
  1023 | D:1      | Learned a level 3 spell: Conjure Flame
  1401 | D:1      | You fall into a shaft and drop 1 floor!
  1789 | D:2      | Reached skill level 1 in Armour
  2241 | D:2      | Reached skill level 1 in Fighting
  2402 | D:2      | Slain by a gnoll

Illustrated notes

Levels and vault maps discovered:
D:1:      kilobyte_arrival_exit_the_forest, layout_basic, st_stairs_2
D:2:      layout_basic, shapermc_ecumenical_altar_venn, chequers_jeans,
          solitary_fountain

Skill      XL: |  1  2  3 |
---------------+----------+-----
Spellcasting   | 5 |  5.4
Armour         | 1 |  1.0
Fighting       | 1 |  1.0
Conjurations   | 2 |  2.1
Dodging        | |  2.6
Stealth        | |  2.4
Summonings     | |  1.1
Translocations | |  1.1
Fire Magic     | |  0.3

Action                   || total
-------------------------++-------
Melee: Spear             ||     4
       Short sword       ||    29
 Cast: Magic Dart        ||   111
       Mephitic Cloud    ||     2
       Call Imp          ||     2
 Stab: Sleeping          ||     1
Armor: Robe              ||     5
Dodge: Dodged            ||    32

Table legend: (Time is in decaauts)
 A = Elapsed time spent in this place.
 B = Non-inter-level travel time spent in this place.
 C = Inter-level travel time spent in this place.
 D = Time resting spent in this place.
 E = Time spent auto-exploring this place.
 F = Levels seen in this place.
 G = Mean time per level.
                   A        B        C        D        E       F      G
               +--------+--------+--------+--------+--------+-----+--------+
         Total |   2411 |   2347 |     64 |      0 |   2086 |   2 | 1205.5 |
       Dungeon |   2411 |   2347 |     64 |      0 |   2086 |   2 | 1205.5 |
               +--------+--------+--------+--------+--------+-----+--------+

Top non-repeatable levels by time:
     D:1: 1725 daAuts
     D:2: 685 daAuts
